AoeStats
← [RZ] Arch Oxys

Arabia

510925880Analyzed
3v3 RM · 10h ago on Oct 3, 2026· 49m 6s· 6 players
Game mode
Random Map
Map size
Normal (6 player)
Population
200
Speed
Normal
Resources
Standard
Victory
Conquest
Starting age
Dark Age
Ending age
Imperial Age
RankedLock teamsTeams togetherTeam positionsShared explorationLock speedFull tech treeHidden civsTurbo modeCheats
Victory
Defeat
🇺🇸 Celts · United States
1284
+14
🇺🇸 Berbers · United States
1240
+16
🇺🇸 Saxons · United States
1185
+18
🇧🇷 Ethiopians · Brazil
1403
-23
🇧🇷 Vietnamese · Brazil
1152
-13
🇧🇷 Franks · Brazil
1147
-12
[RZ] João Paulo
6:55 Loom
9:12 Feudal Age
9:56 Double-Bit Axe
16:16 Horse Collar
16:34 Fletching
17:11 Padded Archer Armor
23:39 Gold Mining
26:44 Castle Age
27:13 Crossbowman
27:50 Bodkin Arrow
28:11 Leather Archer Armor
32:16 Bow Saw
37:38 Ballistics
41:11 Wheelbarrow
42:13 Heavy Plow
43:45 Thumb Ring
44:43 Stone Mining
[RZ] Arch Oxys
5:40 Loom
8:31 Feudal Age
11:32 Fletching
22:25 Wheelbarrow
24:06 Castle Age
22:33 Double-Bit Axe
23:29 Padded Archer Armor
23:43 Gold Mining
24:33 Crossbowman
25:38 Bodkin Arrow
30:46 Ballistics
31:07 Bow Saw
31:33 Wheelbarrow
32:42 Leather Archer Armor
33:14 Squires
41:27 Imperial Age
40:48 Thumb Ring
42:06 Fortified Wall
42:32 Bracer
41:57 Arbalester
43:57 Chemistry
44:52 Guard Tower
47:47 Torsion Engines
[RZ] Ja_Hera
6:51 Loom
9:35 Feudal Age
10:27 Double-Bit Axe
22:19 Forging
22:16 Scale Barding Armor
23:22 Gold Mining
27:04 Castle Age
25:48 Scale Mail Armor
27:27 Pikeman
29:06 Iron Casting
30:09 Squires
41:31 Fletching
Tommy Kangaroo
5:11 Loom
9:47 Feudal Age
10:20 Double-Bit Axe
23:48 Castle Age
22:06 Bloodlines
22:01 Gold Mining
21:54 Horse Collar
22:45 Forging
23:14 Scale Barding Armor
24:52 Chain Barding Armor
25:08 Iron Casting
27:42 Husbandry
31:21 Gold Shaft Mining
30:49 Heavy Plow
31:01 Bow Saw
35:26 Wheelbarrow
43:52 Imperial Age
41:39 Hand Cart
44:09 Cavalier
45:25 Plate Barding Armor
46:07 Blast Furnace
49:34 Conscription
Pierogi King
6:52 Loom
9:38 Feudal Age
10:10 Double-Bit Axe
17:19 Padded Archer Armor
17:59 Fletching
26:37 Castle Age
24:36 Horse Collar
24:51 Gold Mining
28:00 Wheelbarrow
27:51 Bodkin Arrow
27:20 Crossbowman
32:22 Leather Archer Armor
33:25 Bloodlines
34:50 Thumb Ring
34:51 Husbandry
38:36 Ballistics
43:57 Imperial Age
43:31 Hand Cart
44:48 Bracer
44:22 Elite Genitour
44:24 Crossbowman
46:19 Chemistry
45:51 Ring Archer Armor
Johnny Walrus
5:50 Loom
9:25 Feudal Age
9:47 Man-at-Arms
13:19 Double-Bit Axe
14:35 Fletching
23:25 Castle Age
21:19 Horse Collar
21:52 Padded Archer Armor
23:57 Crossbowman
24:45 Bodkin Arrow
26:02 Ballistics
28:56 Wheelbarrow
29:41 Stone Mining
31:34 Heavy Plow
31:46 Bow Saw
35:03 Pikeman
37:41 Stone Shaft Mining
39:52 Imperial Age
38:00 Town Watch
39:08 Scale Mail Armor
39:19 Forging
39:55 Forging
40:13 Chain Mail Armor
40:12 Elite Woad Raider
41:48 Conscription
42:34 Arson
42:57 Gold Mining
44:18 Iron Casting
44:15 Plate Mail Armor
46:17 Blast Furnace
Connection lost

Rejoining the realm…

Still unreachable

The connection could not be restored.

Session expired

The server has moved on; the page needs a fresh start.